Map: Submarine LE

Players

Massa - Winner!

  • Race: Terran Terran
  • League: Platinum
  • Spawn Location: 11:00

Silence

  • Race: Protoss Protoss
  • Spawn Location: 5:00

VOD

Have the link to the VOD?

Description

Time

  • Played on: Nov. 28, 2020, 6:06 a.m.
  • Length: 3:30
Show
View Real Time Build Order
Export as new Build Order

Massa Terran - Winner!

Build Orders:  

Get SALT Encoding   

  12  0:00  SCV  
  13  0:12  SCV  
  14  0:19  Supply Depot  
  14  0:24  SCV  
  15  0:41  SCV, Barracks  
  16  0:47  Refinery  
  16  0:53  SCV  
  17  1:05  SCV  
  18  1:17  SCV  
  19  1:29  SCV  
  20  1:34  Reaper  
  20  1:39  Command Center  
  21  1:47  Orbital Command  
  21  2:10  Marine  
  21  2:13  Factory  
  21  2:15  Supply Depot  
  22  2:19  SCV  
  23  2:41  SCV  
  24  2:51  Barracks Reactor  
  24  2:53  SCV  
  25  3:25  Factory Tech Lab  
Show
View Real Time Build Order
Export as new Build Order

Silence Protoss 

Build Orders:  

Get SALT Encoding   

  12  0:04  Probe  
  13  0:20  Pylon  
  13  0:23  Probe  
  15  0:35  Probe  
  15  0:47  Probe  
  15  0:48  Gateway  
  16  0:53  Assimilator  
  16  0:59  Probe  
  17  1:09  Assimilator  
  17  1:12  Probe  
  18  1:24  Probe  
  19  1:36  Probe  
  20  2:05  Probe  
  21  2:17  Probe  
  21  2:21  Forge  
  22  2:29  Probe  
  23  2:34  Zealot  
  21  3:01  Zealot  
  22  3:06  Probe  
  22  3:18  Probe  
Tags
 
League
Platinum
Matchup
PvT
Replay Pack
Multiplayer
Spawn Locations
Cross Positions
Add a new tag
Caveats
  • Supply blocks, unpowered buildings, or Contaminate may cause inaccurate times.
  • Supply counts are checked every 10 seconds.